 Dungeon Crawl Stone Soup version 0.22.0-35-ge4bf2f5f59 (webtiles) character file.

624805 DildoBatman the Metallomancer (level 27, -2/197 HPs)
             Began as a Formicid Wizard on Aug 22, 2018.
             Was an Initiate of Gozag.
             Slain by an emperor scorpion (7 damage)
             ... summoned by a greater mummy
             ... on level 2 of the Tomb of the Ancients on Aug 24, 2018.
             The game lasted 10:21:01 (88548 turns).

DildoBatman the Metallomancer (Formicid Wizard)    Turns: 88548, Time: 10:21:01

Health: -2/197     AC: 27    Str: 15    XL:     27
Magic:  8/48       EV: 15    Int: 45    God:    Gozag
Gold:   534        SH: 26    Dex:  9    Spells: 7/60 levels left

rFire    . . .     SeeInvis +   a - +1 trident of Slow Death {pierce, Int+10}
rCold    + + .     Gourm    .   h - +7 large shield {AC+3}
rNeg     + + +     Faith    .   o - +4 troll leather armour
rPois    ∞         Spirit   .   (helmet unavailable)
rElec    .         Reflect  .   n - +2 cloak of the Thief {+Fog Slay-2 SInv Stlth+}
rCorr    .         Harm     .   y - +2 pair of gloves
MR       +++..     Clarity  +   t - +0 pair of boots of the City {Int+2}
Stlth    +++++.....             r - amulet of regeneration
HPRegen  1.22/turn              G - ring "Qorioq" {rC+ rN+ Int+2}
MPRegen  0.31/turn              j - +3 ring of intelligence

@: lich-form
A: permanent stasis, dig shafts and tunnels, four strong arms, antennae 3,
yellow scales 1, clarity, deformed body, high mp 1
}: 2/15 runes: decaying, serpentine
a: Dig, Shaft Self, End Transformation, Potion Petition, Call Merchant, Bribe
Branch, Renounce Religion, Evoke Fog


You were on level 2 of the Tomb of the Ancients.
You worshipped Gozag.
Gozag was pleased with you.
You were not hungry.
You were a lich.
You visited 13 branches of the dungeon, and saw 52 of its levels.
You also visited: Labyrinth and Ice Cave.

You collected 14504 gold pieces.
You spent 2843 gold pieces at shops.
You paid 11127 gold pieces to Gozag.

Inventory:

Hand Weapons
 a - the +1 trident of Slow Death (weapon) {pierce, Int+10}
   (You bought it in a shop on level 7 of the Dungeon)

   It inflicts extra damage upon your enemies.
   It affects your intelligence (+10).
Missiles
 E - 9 bolts
Armour
 h - a +7 large shield of protection (worn)
 n - the +2 cloak of the Thief (worn) {+Fog Slay-2 SInv Stlth+}
   (You bought it in a shop on level 2 of the Orcish Mines)

   It affects your accuracy and damage with ranged weapons and melee attacks
   (-2).
   It lets you see invisible.
   It makes you more stealthy.
 o - a +4 troll leather armour (worn)
 t - the +0 pair of boots of the City (worn) {Int+2}
   (You found it on level 3 of the Swamp)

   It affects your intelligence (+2).
 y - a +2 pair of gloves (worn)
Magical Staves
 b - an uncursed staff of energy
Jewellery
 f - a +6 ring of slaying
 g - a +4 ring of evasion
 j - a +3 ring of intelligence (right hand)
 m - an uncursed amulet of magic regeneration
 q - a +3 ring of dexterity
 r - an amulet of regeneration (around neck)
 B - the ring of New Discoveries {rElec rF+ AC+1}
   (You bought it in a shop on level 4 of the Snake Pit)

   [ring of protection]

   It affects your AC (+1).
   It protects you from fire.
   It insulates you from electricity.
 G - the ring "Qorioq" (left hand) {rC+ rN+ Int+2}
   (You found it on level 3 of the Crypt)

   [ring of positive energy]

   It affects your intelligence (+2).
   It protects you from cold.
   It protects you from negative energy.
Wands
 c - a wand of iceblast (54)
 d - a wand of paralysis (10)
 l - a wand of disintegration (27)
 Y - a wand of acid (50)
 Z - a wand of clouds (23)
Scrolls
 x - 29 scrolls of remove curse
 z - 9 scrolls of identify
 C - 5 scrolls of magic mapping
 T - 7 scrolls of immolation
 V - 8 scrolls of fog
 X - 5 scrolls of vulnerability
Potions
 i - 22 potions of curing
 u - 4 potions of ambrosia
 w - 12 potions of might
 D - 4 potions of resistance
 H - a potion of mutation
 I - 5 potions of cancellation
 K - 5 potions of agility
 L - 6 potions of heal wounds
 M - 7 potions of brilliance
 R - 6 potions of magic
Miscellaneous
 e - a lamp of fire
 k - the horn of Geryon
 p - a lightning rod (4/4)
 s - 2 phantom mirrors
 A - a crystal ball of energy
 F - a phial of floods
Comestibles
 v - 57 rations


   Skills:
 - Level 12.1 Fighting
   Level 5.1 Long Blades
   Level 5.0 Maces & Flails
 - Level 11.0 Polearms
   Level 3.0 Bows
 - Level 10.0 Armour
 - Level 8.0 Dodging
 - Level 12.0 Stealth
 - Level 16.1 Shields
 - Level 17.0 Spellcasting
 - Level 6.0 Conjurations
 - Level 13.0 Hexes
 - Level 6.0 Charms
 - Level 8.0 Summonings
 * Level 20.1 Necromancy
   Level 0.8 Translocations
 - Level 20.0 Transmutations
 - Level 6.0 Ice Magic
 - Level 5.0 Air Magic
 * Level 24.1 Earth Magic
 - Level 9.0 Poison Magic
 * Level 10.4 Evocations


You had 7 spell levels left.
You knew the following spells:

 Your Spells              Type           Power        Failure   Level  Hunger
a - Borgnjor's Vile Clut  Necr/Erth      #########.   0%          5    N/A
b - Dispel Undead         Necr           ########     0%          5    N/A
c - Spectral Weapon       Hex/Chrm       #######.     1%          3    N/A
d - Necromutation         Tmut/Necr      ########..   1%          8    N/A
e - Mephitic Cloud        Conj/Pois/Air  #######.     1%          3    N/A
f - Shatter               Erth           ########..   3%          9    N/A
g - Summon Mana Viper     Hex/Summ       #######.     1%          5    N/A
h - Slow                  Hex            ########     0%          2    N/A
i - Confuse               Hex            ########     0%          3    N/A
j - Aura of Abjuration    Summ           #######...   1%          5    N/A
k - Swiftness             Chrm/Air       ######..     1%          2    N/A
m - Ozocubu's Armour      Chrm/Ice       #######.     1%          3    N/A

Your spell library contained the following spells:

 Spells                   Type           Power        Failure   Level  Hunger
 Animate Skeleton         Necr           N/A          0%          1    N/A
 Beastly Appendage        Tmut           ######       0%          1    N/A
 Confusing Touch          Hex            ######       0%          1    N/A
 Corona                   Hex            #######      0%          1    N/A
 Pain                     Necr           ####         0%          1    N/A
 Sandblast                Erth           ######       0%          1    N/A
 Corpse Rot               Necr           N/A          0%          2    N/A
 Passwall                 Tmut/Erth      ########     0%          2    N/A
 Sticks to Snakes         Tmut           ########     0%          2    N/A
 Sublimation of Blood     Necr           ########..   0%          2    N/A
 Regeneration             Chrm/Necr      ########..   0%          3    N/A
 Spider Form              Tmut/Pois      ########..   0%          3    N/A
 Stone Arrow              Conj/Erth      ######       0%          3    N/A
 Tukima's Dance           Hex            ########     0%          3    N/A
 Vampiric Draining        Necr           ########..   0%          3    N/A
 Animate Dead             Necr           N/A          0%          4    N/A
 Leda's Liquefaction      Hex/Erth       ########..   0%          4    N/A
 Petrify                  Tmut/Erth      ########     0%          4    N/A
 Agony                    Necr           ########     0%          5    N/A
 Blade Hands              Tmut           ########..   0%          5    N/A
 Lee's Rapid Deconstruct  Erth           ########..   0%          5    N/A
 Statue Form              Tmut/Erth      ########.    0%          6    N/A
 Apportation              Tloc           #####.       1%          1    N/A
 Flame Tongue             Conj/Fire      #####        1%          1    N/A
 Freeze                   Ice            ####         1%          1    N/A
 Infusion                 Chrm           ####         1%          1    N/A
 Magic Dart               Conj           ####         1%          1    N/A
 Shock                    Conj/Air       ####         1%          1    N/A
 Sting                    Conj/Pois      ####         1%          1    N/A
 Summon Butterflies       Summ           #######.     1%          1    N/A
 Summon Small Mammal      Summ           ####         1%          1    N/A
 Call Imp                 Summ           #######.     1%          2    N/A
 Ensorcelled Hibernation  Hex/Ice        ######       1%          2    N/A
 Poisonous Vapours        Pois/Air       ######       1%          2    N/A
 Searing Ray              Conj           ######       1%          2    N/A
 Shroud of Golubria       Chrm/Tloc      ######....   1%          2    N/A
 Song of Slaying          Chrm           #######.     1%          2    N/A
 Throw Flame              Conj/Fire      ######       1%          2    N/A
 Throw Frost              Conj/Ice       ######       1%          2    N/A
 Call Canine Familiar     Summ           #######.     1%          3    N/A
 Conjure Flame            Conj/Fire      ######..     1%          3    N/A
 Dazzling Spray           Conj/Hex       ######       1%          3    N/A
 Gell's Gravitas          Tloc           #####.....   1%          3    N/A
 Ignite Poison            Fire/Tmut/Pois #######.     1%          3    N/A
 Inner Flame              Hex/Fire       #######.     1%          3    N/A
 Lesser Beckoning         Tloc           #####.....   1%          3    N/A
 Portal Projectile        Hex/Tloc       ######       1%          3    N/A
 Recall                   Summ/Tloc      N/A          1%          3    N/A
 Static Discharge         Conj/Air       ######..     1%          3    N/A
 Summon Guardian Golem    Hex/Summ       #######.     1%          3    N/A
 Teleport Other           Tloc           #####...     1%          3    N/A
 Airstrike                Air            ######....   1%          4    N/A
 Cause Fear               Hex            ########..   1%          4    N/A
 Force Lance              Conj/Tloc      ######..     1%          4    N/A
 Fulminant Prism          Conj/Hex       #######...   1%          4    N/A
 Ice Form                 Ice/Tmut       ########     1%          4    N/A
 Iskenderun's Mystic Bla  Conj           #######.     1%          4    N/A
 Olgreb's Toxic Radiance  Pois           #######.     1%          4    N/A
 Sticky Flame             Conj/Fire      ######..     1%          4    N/A
 Summon Ice Beast         Ice/Summ       #######.     1%          4    N/A
 Summon Lightning Spire   Summ/Air       #######.     1%          4    N/A
 Throw Icicle             Conj/Ice       #######.     1%          4    N/A
 Alistair's Intoxication  Tmut/Pois      ########     1%          5    N/A
 Bolt of Draining         Conj/Necr      ########..   1%          5    N/A
 Bolt of Magma            Conj/Fire/Erth #######...   1%          5    N/A
 Excruciating Wounds      Chrm/Necr      ########..   1%          5    N/A
 Irradiate                Conj/Tmut      ########..   1%          5    N/A
 Iskenderun's Battlesphe  Conj/Chrm      #######.     1%          5    N/A
 Lightning Bolt           Conj/Air       ######....   1%          5    N/A
 Metabolic Englaciation   Hex/Ice        #######...   1%          5    N/A
 Silence                  Hex/Air        #######...   1%          5    N/A
 Summon Demon             Summ           #######...   1%          5    N/A
 Venom Bolt               Conj/Pois      #######...   1%          5    N/A
 Yara's Violent Unravell  Hex/Tmut       ########..   1%          5    N/A
 Darkness                 Hex            ########..   1%          6    N/A
 Death Channel            Necr           ########..   1%          6    N/A
 Hydra Form               Tmut           ########..   1%          6    N/A
 Invisibility             Hex            ########     1%          6    N/A
 Iron Shot                Conj/Erth      ########..   1%          6    N/A
 Simulacrum               Ice/Necr       ########..   1%          6    N/A
 Dragon Form              Tmut           ########..   1%          7    N/A
 Haunt                    Necr/Summ      ########..   1%          7    N/A
 Summon Forest            Summ/Tloc      ######....   3%          5    N/A
 Passage of Golubria      Tloc           N/A          4%          4    N/A
 Poison Arrow             Conj/Pois      #######...   4%          6    N/A
 Shadow Creatures         Summ           N/A          4%          6    N/A
 Fireball                 Conj/Fire      ######....   6%          5    N/A
 Bolt of Cold             Conj/Ice       #######...   10%         6    N/A
 Ozocubu's Refrigeration  Ice            #######...   10%         6    N/A
 Freezing Cloud           Conj/Ice/Air   ######....   11%         6    N/A
 Conjure Ball Lightning   Conj/Air       ######....   12%         6    N/A
 Deflect Missiles         Chrm/Air       ######....   12%         6    N/A
 Monstrous Menagerie      Summ           #######...   22%         7    N/A
 Summon Greater Demon     Summ           #######...   22%         7    N/A
 Summon Hydra             Summ           #######...   22%         7    N/A
 Bolt of Fire             Conj/Fire      ######....   32%         6    N/A
 Spellforged Servitor     Conj/Summ      #######...   34%         7    N/A
 Orb of Destruction       Conj           #######...   45%         7    N/A
 Dispersal                Tloc           #####.....   61%         6    N/A
 Malign Gateway           Summ/Tloc      ######....   69%         7    N/A
 Ring of Flames           Chrm/Fire      ######....   87%         7    N/A
 Borgnjor's Revivificati  Necr           ########..   1%          8    N/A
 Infestation              Necr           ########..   1%          8    N/A
 Lehudib's Crystal Spear  Conj/Erth      ########..   10%         8    N/A
 Death's Door             Chrm/Necr      ########..   22%         8    N/A
 Discord                  Hex            ########..   22%         8    N/A
 Summon Horrible Things   Summ           #######...   87%         8    N/A
 Chain Lightning          Conj/Air       ######....   99%         8    N/A
 Disjunction              Tloc           #####.....   100%        8    N/A
 Ignition                 Fire           #####.....   100%        8    N/A
 Dragon's Call            Summ           #######...   100%        9    N/A
 Fire Storm               Conj/Fire      ######....   100%        9    N/A
 Glaciate                 Conj/Ice       #######...   100%        9    N/A
 Tornado                  Air            ######....   100%        9    N/A
 Blink                    Tloc           Unusable     N/A         2    N/A
 Controlled Blink         Tloc           Unusable     N/A         8    N/A

Dungeon Overview and Level Annotations

Branches:
Dungeon (15/15)            Temple (1/1) D:6            Lair (6/6) D:8
  Swamp (4/4) Lair:4        Snake (4/4) Lair:3        Slime (0/5) Lair:5
    Orc (2/2) D:10            Elf (3/3) Orc:2        Vaults (4/5) D:14
  Crypt (3/3) Vaults:2       Tomb (2/3) Crypt:3      Depths (5/5) D:15
   Hell (1/1)                 Dis (0/7) Hell            Geh (0/7) Hell
    Coc (2/7) Hell            Tar (0/7) Hell            Zot (0/5) Depths:5

Altars:
Ashenzari
Cheibriados
Dithmenos
Elyvilon
Fedhas
Gozag
Hepliaklqana
Kikubaaqudgha
Makhleb
Nemelex Xobeh
Okawaru
Qazlal
Ru
Sif Muna
Trog
Uskayaw
Vehumet
Wu Jian
Xom
Yredelemnul
Zin
The Shining One
Beogh
Jiyva

Shops:
D:7 **(   D:10 ?[=(%   Orc:2 ?[([   Elf:2 =   Snake:2 *[*}   Snake:4 ==}
Vaults:1 *   Depths:1 [[***   Depths:3 [**

Portals:
Hell: Depths:1 Depths:2 Depths:3 Depths:4 Depths:5
Abyss: Depths:1 Depths:4
Pandemonium: Depths:1 Depths:2 Depths:3
Ziggurat: Depths:2

Annotations:
Elf:1 exclusions: fire dragon and ice dragon
Vaults:3 Mennas


Innate Abilities, Weirdness & Mutations

You cannot be hasted, slowed, berserked, paralysed or teleported.
You can dig through walls and to a lower floor.
Your four strong arms can wield two-handed weapons with a shield.
You have a pair of large antennae on your head. (SInv)
You are partially covered in yellow scales. (AC +2)
You possess an exceptional clarity of mind.
Armour fits poorly on your strangely shaped body.
You have an increased reservoir of magic. (+10% MP)


Message History

You hear a loud "Zot"!
The death scarab waves its antennae.
A spear hits the death scarab, but does no damage!
The greater mummy casts a spell.
The ancient lich casts a spell at you. The bolt of acid hits you!
You are splashed with acid!
The acid burns!
Your spectral weapon avoids a huge, swinging blade.
A huge blade swings out and slices into your spectral weapon!
Your spectral weapon fades away.
You block the ancient lich's attack.
The ancient lich gestures at you while chanting.
The crystal spear hits you!
Ouch! That really hurt!
You block the emperor scorpion's attack.
The emperor scorpion claws you but does no damage.
The emperor scorpion claws you!
You die...
Your body crumbles into a pile of gold.

### #
############################.###.
#......$^#.$^^.....^#§.....#.....
#^.^^..$.#^.$......^#s.....#....#
$^^.....^'.$$...^.LM$ss....#^..^#
#$......^#..^...^...#$....^#^...#
#........#....<.Lss.#.{{^Ms.^^..#
############################$####
{ { { ......{{$^.^# .{...${#^...#
<##..$$#....# { ###..#^...# {{ $
{ #..#....# ...#....# ....#....#


You could see a greater mummy, 2 emperor scorpions, an ancient lich and 3 death
scarabs.

Vanquished Creatures
  A juggernaut (Depths:5)
  An ancient lich (Crypt:3)
  22 greater mummies
  Boris (Vaults:4)
  Saint Roka (Crypt:3)
  Margery (Vaults:3)
  Frederick (Crypt:3)
  Xtahua (Vaults:2)
  12 shard shrikes
  Geryon (Hell)
  Jory (Crypt:3)
  the Enchantress (Depths:1)
  3 golden dragons
  6 bone dragons
  A Tzitzimitl (Coc:1)
  Rupert (D:15)
  3 tentacled monstrosities
  6 Ice Fiends
  The ghost of Loysam the Warrior, an adept HOBe of Trog (Swamp:2)
  4 liches
  3 deep elf blademasters
  2 deep elf master archers (Elf:3)
  8 sphinxes
  4 eldritch tentacles
  2 ancient champions (Crypt:2)
  Agnes (D:14)
  3 thorn hunters
  Kirke (Swamp:3)
  Roxanne (D:15)
  2 tengu reavers
  2 shadow dragons
  Donald (Crypt:1)
  2 storm dragons (Depths:5)
  7 nagarajas
  A draconian monk (Depths:5)
  5 revenants
  The ghost of Armakuni the Champion of Chaos, an adept HuWn of Makhleb (Swamp:4)
  A draconian knight (Depths:5)
  An orc warlord (Orc:2)
  3 iron dragons
  11 frost giants
  7 fire giants
  3 ghouls
  4 vault wardens
  9 deep elf sorcerers
  4 curse skulls
  An elemental wellspring (Coc:1)
  4 deep elf elementalists
  15 reapers
  14 ironheart preservers
  5 spriggan defenders
  11 very ugly things
  2 entropy weavers
  2 deep elf demonologists (Elf:3)
  5 vampire knights
  16 stone giants
  7 deep elf annihilators
  6 dire elephants (Lair:6)
  2 red draconians (Depths:5)
  A minotaur (Lab)
  A lorocyproca (Depths:1)
  A yellow draconian (Depths:5)
  10 eidola
  Azrael (D:15)
  8 spark wasps
  2 black draconians (Depths:5)
  2 purple draconians (Depths:5)
  A green death (Depths:1)
  19 ettins
  9 deep elf death magi
  9 blizzard demons
  7 jiangshi
  9 mummy priests
  Josephine (Swamp:1)
  3 quicksilver dragon zombies
  26 hydras
  6 fire dragons
  8 deep elf high priests
  12 naga warriors
  A kraken zombie (Coc:1)
  15 yaktaur captains
  A hell beast (Depths:3)
  4 spriggan air magi
  17 ice dragons
  4 rakshasas
  7 great orbs of eyes
  6 vault guards
  2 quicksilver dragon skeletons
  3 ghost crabs
  Harold (D:12)
  9 anacondas
  17 ogre magi
  14 alligators
  8 centaur warriors
  8 death knights
  6 tengu warriors
  57 two-headed ogres
  15 death scarabs
  8 deep troll earth magi
  6 vampire magi
  Urug (Lair:5)
  3 shock serpents
  13 deep troll shamans
  5 spriggan berserkers
  7 titan zombies
  Nergalle (Orc:1)
  2 iron golems (Hell)
  33 dancing weapons
  20 deep elf knights
  17 hell knights
  A sun demon (Hell)
  3 storm dragon zombies
  Sonja (D:12)
  5 naga sharpshooters
  6 titan skeletons
  12 soul eaters
  5 iron trolls
  41 skeletal warriors
  A sixfirhy (Depths:3)
  5 shadow wraiths
  3 ghost moth zombies
  An unseen horror (shapeshifter) (Vaults:2)
  3 flayed ghosts
  7 anaconda zombies
  2 deep trolls (shapeshifter)
  33 deep trolls
  6 golden dragon zombies
  4 naga ritualists
  A storm dragon skeleton (Coc:1)
  2 salamander mystics (Snake:3)
  A torturous demonspawn (Depths:1)
  4 spriggan druids
  10 swamp dragons
  15 deep elf archers
  5 glowing orange brains
  8 unseen horrors
  5 wizards
  3 shambling mangroves
  A spectral hydra (Swamp:4)
  A wolf spider zombie (Tomb:1)
  22 necromancers
  20 orc knights
  A harpy (shapeshifter) (Vaults:4)
  6 wolf spiders
  66 deep elf magi
  An iron dragon zombie (Crypt:3)
  16 phantasmal warriors
  5 ironbrand convokers
  5 orc sorcerers
  4 fire giant zombies
  3 anaconda skeletons
  5 frost giant zombies
  5 mana vipers
  2 shadow dragon skeletons
  A faun (shapeshifter) (Depths:1)
  3 spectral alligators
  2 oklob plants (Lair:4)
  3 stone giant zombies
  8 elephants (Lair:6)
  9 salamanders
  25 ugly things
  9 cyclopes
  4 fire giant skeletons
  5 iron dragon skeletons
  6 rust devils
  2 dire elephant zombies
  2 black mambas (shapeshifter)
  A moth of wrath (shapeshifter) (Depths:2)
  A shock serpent zombie (Coc:1)
  7 vault sentinels
  A frost giant skeleton (Coc:2)
  An ice statue (IceCv)
  A torpor snail (shapeshifter) (Depths:4)
  6 stone giant skeletons
  21 black mambas
  A centaur skeleton (D:15)
  A guardian serpent (shapeshifter) (D:13)
  5 guardian serpents
  2 molten gargoyles (Hell)
  18 naga magi
  16 spiny frogs
  A dire elephant skeleton (Coc:2)
  A smoke demon (Depths:1)
  A spectral spriggan (Swamp:4)
  A death yak zombie (Crypt:2)
  A storm dragon simulacrum (Coc:2)
  3 human zombies (Vaults:2)
  A white draconian zombie (Crypt:2)
  A yaktaur zombie (Vaults:3)
  A catoblepas zombie (Crypt:1)
  A gargoyle (D:11)
  An emperor scorpion zombie (Hell)
  A shock serpent skeleton (Crypt:1)
  2 small abominations
  A rime drake (shapeshifter) (Vaults:1)
  3 minotaur zombies (Lab)
  2 demonic crawlers
  23 ice devils
  2 kobold demonologists (D:13)
  2 rime drakes
  41 yaktaurs
  13 hellwings (Crypt:3)
  7 komodo dragons
  16 tormentors
  An efreet (D:15)
  3 human skeletons
  An anaconda simulacrum (IceCv)
  2 catoblepas skeletons
  43 freezing wraiths
  3 red devils (Hell)
  2 jumping spiders (shapeshifter)
  A white draconian skeleton (Crypt:2)
  A purple draconian skeleton (Crypt:1)
  18 guardian mummies
  5 tengu conjurers
  3 trolls
  3 jumping spiders
  10 tyrant leeches
  2 polar bears
  2 harpy zombies (Coc:1)
  Grinder (D:6)
  A moth of wrath zombie (Crypt:1)
  2 hornets (shapeshifter)
  10 hydra zombies
  A wolf spider simulacrum (IceCv)
  Prince Ribbit (D:9)
  A dream sheep (shapeshifter) (Depths:4)
  29 hornets
  4 fire dragon zombies
  A blink frog (shapeshifter) (Depths:5)
  12 bog bodies
  6 hydra skeletons
  3 stone giant simulacra
  3 ettin zombies
  5 ice dragon zombies
  3 alligator zombies
  5 blink frogs (Lair:3)
  25 slime creatures
  4 fire dragon skeletons
  19 spriggans
  10 hippogriffs
  A black mamba zombie (Crypt:3)
  26 flying skulls
  9 shadows
  A tarantella (Vaults:3)
  10 water elementals
  3 redbacks
  A ynoxinul (Depths:3)
  2 tarantellas (shapeshifter)
  6 air elementals
  2 alligator skeletons
  2 ettin skeletons
  5 ushabtiu
  A vampire (D:11)
  3 spriggans (shapeshifter)
  3 dire elephant simulacra
  24 wraiths
  46 yaks
  2 black mamba skeletons
  An ice dragon skeleton (Coc:2)
  A yak (shapeshifter) (Elf:3)
  3 basilisks
  14 fire elementals
  8 hogs
  A human (D:10)
  3 human simulacra
  2 chaos spawn
  2 yaktaur simulacra (Vaults:3)
  2 steam dragons
  A catoblepas simulacrum (Coc:1)
  Grum (D:8)
  3 harpy simulacra (IceCv)
  Menkaure (D:6)
  41 vampire mosquitoes
  A faun zombie (Crypt:1)
  8 insubstantial wisps
  A spatial vortex (Coc:1)
  7 hungry ghosts
  2 spectral spiny frogs
  4 acid dragons
  15 swamp worms
  6 iron troll simulacra (IceCv)
  59 nagas
  12 wargs
  2 spiny frog zombies
  4 hydra simulacra
  3 hell hounds (D:15)
  A deep troll skeleton (Crypt:2)
  A soldier ant (D:14)
  Duvessa (D:6)
  6 porcupines
  17 water moccasins
  2 floating eyes
  A spectral hornet (Swamp:3)
  A monstrous demonspawn skeleton (Tomb:1)
  20 swamp drakes
  10 spiny frog skeletons
  An alligator simulacrum (Swamp:3)
  6 phantoms
  4 sky beasts
  3 ettin simulacra
  A hornet zombie (D:3)
  64 orc warriors
  A spectral blink frog (Swamp:4)
  A black bear (D:12)
  16 ice beasts
  3 snapping turtle zombies
  43 wolves
  2 large abominations
  An eye of draining (shapeshifter) (Vaults:2)
  4 necrophages
  54 ogres
  2 eyes of draining
  2 swamp dragon zombies
  20 boggarts
  3 manticore zombies
  13 centaurs
  7 crocodiles
  The ghost of xash the Grasshopper, an amateur HaWr (D:3)
  A torpor snail zombie (Crypt:1)
  An elephant skeleton (Crypt:1)
  3 elf zombies (Elf:1)
  3 big kobolds
  19 bullfrogs
  A glowing shapeshifter simulacrum (Vaults:2)
  A gnoll sergeant (D:8)
  A wyvern zombie (Crypt:2)
  3 earth elementals (Elf:3)
  8 wyvern skeletons (Crypt:3)
  Dowan (D:6)
  4 scorpions
  2 swamp dragon simulacra
  A manticore simulacrum (Crypt:2)
  27 wights
  12 killer bees
  2 elephant simulacra (IceCv)
  11 electric eels
  A spriggan skeleton (Coc:2)
  15 howler monkeys
  A centaur zombie (D:9)
  8 crimson imps
  A draconian simulacrum (IceCv)
  6 quasits
  2 bullfrog zombies
  34 orc wizards
  A gnoll shaman (Orc:1)
  10 hounds
  A basilisk zombie (Crypt:2)
  A bullfrog skeleton (D:9)
  2 iron imps
  2 jellies
  22 orc priests
  2 iguanas
  A spectral swamp drake (Swamp:3)
  A hell rat (Depths:1)
  2 spriggan simulacra (IceCv)
  2 worker ants
  2 polar bear simulacra (IceCv)
  A wolf simulacrum (IceCv)
  4 troll simulacra (IceCv)
  A killer bee zombie (Crypt:2)
  A naga zombie (Crypt:3)
  A centaur simulacrum (IceCv)
  A tengu zombie (Crypt:1)
  A naga skeleton (Crypt:3)
  A hound zombie (D:8)
  A hound skeleton (D:5)
  14 mummies
  A worker ant zombie (D:3)
  19 gnolls
  A howler monkey skeleton (D:9)
  3 naga simulacra (IceCv)
  10 adders
  An ogre simulacrum (IceCv)
  6 shadow imps
  16 white imps
  7 ufetubi
  An ooze (D:1)
  An adder zombie (D:5)
  An iguana zombie (Crypt:1)
  4 adder skeletons
  A worm (D:6)
  4 dart slugs
  4 leopard geckos
  149 orcs
  2 ball pythons (Snake:2)
  5 giant cockroaches
  7 goblins
  8 hobgoblins
  11 jackals
  8 quokkas
  8 bats
  2 frilled lizards
  17 kobolds
  A kobold zombie (Crypt:2)
  An orc skeleton (Coc:1)
  27 rats
  A rat zombie (Crypt:1)
  2 briar patches (Swamp:2)
  A crawling corpse (Elf:1)
  6 fungi
  5 plants (Lair:6)
  4 spectral weapons
  2 tentacles (Coc:1)
  5 withered plants (Crypt:3)
2847 creatures vanquished.

Vanquished Creatures (collateral kills)
  Mara (Crypt:1)
  An Ice Fiend (IceCv)
  A vault warden (Vaults:4)
  The ghost of motoroller71 the Blocker, a journeyman GnFi of Makhleb (D:12)
  A two-headed ogre (D:12)
  A sun demon (Depths:1)
  A shadow wraith (D:14)
  A naga ritualist (Snake:1)
  2 mana vipers
  3 black mambas
  A guardian serpent (Depths:3)
  A spriggan (Swamp:2)
  2 insubstantial wisps (Swamp:3)
  A killer bee (D:11)
18 creatures vanquished.

Vanquished Creatures (others)
  A frost giant (Depths:2)
  A death scarab (Tomb:2)
  An anaconda skeleton (Coc:2)
  A flying skull (Coc:1)
  2 water elementals
  A swamp drake (Swamp:2)
  2 killer bees
  An orc priest (Elf:1)
  4 white imps (IceCv)
  2 ufetubi (IceCv)
  An orc (Orc:1)
  12 fungi
  59 plants
  45 spectral weapons
  4 tentacles (Coc:1)
  5 withered plants (Crypt:3)
142 creatures vanquished.

Grand Total: 3007 creatures vanquished

Notes
Turn   | Place    | Note
-------+----------+-------------------------------------------
     0 | D:1      | DildoBatman the Formicid Wizard began the quest for the Orb.
     0 | D:1      | Reached XP level 1. HP: 13/13 MP: 4/4
    18 | D:1      | Reached skill level 1 in Conjurations
   206 | D:1      | Reached XP level 2. HP: 19/19 MP: 1/6
   646 | D:1      | Reached XP level 3. HP: 21/24 MP: 4/7
   973 | D:1      | Learned a level 2 spell: Slow
   977 | D:1      | Learned a level 3 spell: Mephitic Cloud
  1274 | D:2      | Reached XP level 4. HP: 30/30 MP: 5/8
  1457 | D:2      | Found a blossoming altar of Fedhas.
  1709 | D:3      | You fall through a shaft for 2 floors!
  1709 | D:5      | Entered Level 5 of the Dungeon
  1733 | D:5      | Reached XP level 5. HP: 7/35 MP: 0/9
  2093 | D:5      | Noticed an ogre
  2121 | D:5      | Noticed an ogre
  2159 | D:5      | Killed an ogre
  2159 | D:5      | Reached skill level 1 in Hexes
  2172 | D:5      | Killed an ogre
  2172 | D:5      | Reached skill level 1 in Fighting
  2172 | D:5      | Reached skill level 1 in Armour
  2172 | D:5      | Reached skill level 1 in Poison Magic
  2172 | D:5      | Reached XP level 6. HP: 43/43 MP: 5/10
  2277 | D:5      | Found a shimmering altar of Xom.
  2497 | D:5      | Reached skill level 1 in Polearms
  2610 | D:5      | Found the +7 great mace "Firestarter" {inner flame, rF++}
  2621 | D:5      | Reached skill level 1 in Air Magic
  3055 | D:4      | Noticed an ogre
  3109 | D:4      | Killed an ogre
  3109 | D:4      | Reached XP level 7. HP: 24/49 MP: 5/11
  3120 | D:4      | Reached skill level 1 in Maces & Flails
  3509 | D:4      | Got a smoking chain mail
  3967 | D:6      | Reached XP level 8. HP: 57/57 MP: 8/12
  3988 | D:6      | Identified the +1 chain mail of the Pit {rElec MP+9 Str+3} (You found it on level 4 of the Dungeon)
  4044 | D:6      | Noticed Duvessa
  4044 | D:6      | Noticed Dowan
  4403 | D:6      | Noticed Menkaure
  4423 | D:6      | Noticed Grinder
  4556 | D:7      | Found Siasch's Assorted Antiques.
  4664 | D:7      | Found a white marble altar of Elyvilon.
  4708 | D:7      | Got a scorched trident
  4709 | D:7      | Identified the +4 trident of Ashenzari {pierce, rPois MR+ MP+9} (You found it on level 7 of the Dungeon)
  4950 | D:7      | Reached skill level 5 in Poison Magic
  5169 | D:7      | Found Feumm's Antique Weapon Boutique.
  5297 | D:7      | Reached XP level 9. HP: 63/63 MP: 13/13
  5415 | D:7      | Found Izi Nyn's General Store.
  5941 | D:6      | Found a snail-covered altar of Cheibriados.
  6284 | D:6      | Found a staircase to the Ecumenical Temple.
  6293 | Temple   | Entered the Ecumenical Temple
  6437 | Temple   | Became a worshipper of Sif Muna the Loreminder
  7072 | D:3      | Found a transporter.
  7073 | D:3      | Found a transporter.
  7073 | D:3      | Noticed xash's ghost (amateur HaWr)
  7084 | D:3      | Reached skill level 5 in Polearms
  7637 | D:6      | Killed Dowan
  7677 | D:6      | Killed Grinder
  7711 | D:6      | Killed Menkaure
  7824 | D:6      | Killed Duvessa
  7824 | D:6      | Reached * piety under Sif Muna
  8090 | D:8      | Noticed a hippogriff
  8100 | D:8      | Noticed Grum
  8135 | D:7      | Reached XP level 10. HP: 73/73 MP: 16/16
  8166 | D:8      | Killed Grum
  8355 | D:8      | Reached skill level 5 in Hexes
  8396 | D:8      | Reached ** piety under Sif Muna
  8418 | D:8      | Reached skill level 5 in Fighting
  8729 | D:8      | Reached skill level 5 in Spellcasting
  9007 | D:8      | Found a staircase to the Lair.
  9311 | D:8      | Reached skill level 5 in Stealth
  9311 | D:8      | Reached skill level 5 in Conjurations
 10099 | D:9      | Reached *** piety under Sif Muna
 10261 | D:9      | Reached XP level 11. HP: 36/79 MP: 18/18
 10340 | D:9      | Noticed Prince Ribbit
 10349 | D:9      | Killed Prince Ribbit
 10635 | D:10     | Entered Level 10 of the Dungeon
 10640 | D:10     | Found Asmef's Antique Weapon Emporium.
 10696 | D:10     | Found Osmolum's Jewellery Emporium.
 10718 | D:10     | Found Rabbosh's Armour Boutique.
 11002 | D:10     | Found a staircase to the Orcish Mines.
 11029 | D:10     | Found Ruaxtuc's Food Shop.
 11241 | D:10     | Noticed an unseen horror
 11250 | D:10     | Killed an unseen horror
 11250 | D:10     | Reached **** piety under Sif Muna
 11351 | D:10     | Found Plog's Magic Scroll Shoppe.
 11357 | D:10     | Bought a scroll of remove curse for 39 gold pieces
 11357 | D:10     | Bought a scroll of random uselessness for 13 gold pieces
 11855 | D:11     | Reached skill level 10 in Hexes
 11944 | D:11     | Found a deep blue altar of Sif Muna.
 12407 | D:11     | Noticed an unseen horror
 12428 | D:11     | Killed an unseen horror
 12434 | D:11     | Noticed an unseen horror
 12457 | D:11     | Killed an unseen horror
 12627 | D:11     | Reached XP level 12. HP: 80/86 MP: 20/20
 12707 | D:11     | Noticed an unseen horror
 12746 | D:11     | Killed an unseen horror
 12850 | D:11     | Learned a level 2 spell: Swiftness
 12965 | D:11     | Reached skill level 5 in Armour
 12965 | D:11     | Reached skill level 1 in Charms
 13541 | D:11     | Reached ***** piety under Sif Muna
 14116 | D:3      | Killed xash's ghost
 14119 | D:3      | Identified Sif Muna's Spellcasting, Part Two (Sif Muna gifted it to you on level 3 of the Dungeon)
 14119 | D:3      | Received a gift from Sif Muna
 14268 | Lair:1   | Entered Level 1 of the Lair of Beasts
 14460 | Orc:1    | Entered Level 1 of the Orcish Mines
 14497 | D:10     | Reached skill level 1 in Bows
 14645 | Orc:1    | Noticed Nergalle
 14647 | Orc:1    | Reached skill level 5 in Maces & Flails
 15026 | Orc:1    | Killed Nergalle
 15063 | Orc:1    | Found a runed door.
 15663 | Orc:2    | Entered Level 2 of the Orcish Mines
 17127 | Orc:2    | Reached skill level 1 in Evocations
 17127 | Orc:2    | Reached XP level 13. HP: 60/93 MP: 22/22
 17337 | Orc:2    | Found a staircase to the Elven Halls.
 17353 | Orc:2    | Noticed a stone giant
 18981 | Orc:2    | Noticed an orc warlord
 19311 | Orc:2    | Killed an orc warlord
 19510 | Orc:2    | Found Womusargh's Antique Armour Boutique.
 19511 | Orc:2    | Found a roughly hewn altar of Beogh.
 19512 | Orc:2    | Found Ytemn's Antique Weapon Shop.
 19628 | Orc:2    | Found a roughly hewn altar of Beogh.
 19678 | Orc:2    | Found a roughly hewn altar of Beogh.
 19682 | Orc:2    | Found Bynicym's Magic Scroll Boutique.
 19775 | Orc:2    | Found a roughly hewn altar of Beogh.
 19775 | Orc:2    | Found Sosch's Antique Armour Shop.
 19814 | Orc:2    | Bought the +2 cloak of the Thief {+Fog Slay-2 SInv Stlth+} for 582 gold pieces
 19814 | Orc:2    | Found the +2 cloak of the Thief {+Fog Slay-2 SInv Stlth+}
 19974 | Orc:2    | Found a roughly hewn altar of Beogh.
 20391 | D:7      | Bought 2 scrolls labeled RAXU QYHEGIZE for 58 gold pieces
 20391 | D:7      | Bought a scroll labeled ELENNI JEBAZAPH for 29 gold pieces
 20391 | D:7      | Bought an orange potion for 26 gold pieces
 20441 | D:7      | Bought a scroll of fog for 22 gold pieces
 20532 | D:10     | Bought a scroll of enchant armour for 97 gold pieces
 20646 | D:7      | Bought a transparent trident for 195 gold pieces
 20656 | D:7      | Identified the cursed +1 trident of Slow Death {pierce, Int+10} (You bought it in a shop on level 7 of the Dungeon)
 20793 | Orc:2    | Bought a translucent spear for 256 gold pieces
 20796 | Orc:2    | Identified the +6 spear of Mourning {antimagic, rElec rPois Dex+4 Stlth+} (You bought it in a shop on level 2 of the Orcish Mines)
 20980 | Orc:1    | Identified Sif Muna's Compendium of Execration (Sif Muna gifted it to you on level 1 of the Orcish Mines)
 20980 | Orc:1    | Received a gift from Sif Muna
 21073 | Orc:1    | Found a roughly hewn altar of Beogh.
 21191 | Orc:2    | Bought a spiked ring mail for 243 gold pieces
 21204 | Orc:2    | Identified the cursed +1 ring mail of Complete Protection {rC+ Regen+} (You bought it in a shop on level 2 of the Orcish Mines)
 21409 | D:9      | Killed a stone giant
 21419 | D:9      | Learned a level 5 spell: Summon Mana Viper
 21529 | Lair:1   | Noticed an eight-headed hydra
 21735 | Lair:1   | Killed an eight-headed hydra
 22742 | Lair:2   | Learned a level 6 spell: Invisibility
 23427 | Lair:3   | Found a staircase to the Snake Pit.
 24279 | Lair:4   | Reached XP level 14. HP: 30/103 MP: 24/24
 24366 | Lair:4   | Upgraded the game from 0.22.0-27-ga576289601 to 0.22.0-35-ge4bf2f5f59
 24631 | Lair:4   | Reached skill level 5 in Air Magic
 25079 | Lair:4   | Reached skill level 5 in Dodging
 25667 | Lair:4   | Received a gift from Sif Muna
 25702 | Lair:4   | Found a staircase to the Swamp.
 25809 | Lair:5   | Reached skill level 5 in Evocations
 25883 | Lair:5   | Found a labyrinth entrance.
 25883 | Lair:5   | Noticed Urug
 25900 | Lair:5   | Killed Urug
 25924 | Lab      | Entered a labyrinth
 26449 | Lab      | Noticed a minotaur
 26481 | Lab      | Killed a minotaur
 26482 | Lab      | Identified the Collected Works on Bewitchment
 26544 | Lab      | Reached skill level 5 in Summonings
 26948 | D:8      | Gained mutation: You are clumsy. (Dex -2) [potion of mutation]
 26948 | D:8      | Gained mutation: You are partially covered in rugged brown scales. (AC +1, +3% HP) [potion of mutation]
 26949 | D:8      | Lost mutation: You are partially covered in rugged brown scales. (AC +1, +3% HP) [potion of mutation]
 26949 | D:8      | Lost mutation: You are clumsy. (Dex -2) [potion of mutation]
 26949 | D:8      | Gained mutation: Your spells are a little harder to cast, but a little more powerful. [potion of mutation]
 26949 | D:8      | Gained mutation: Your muscles are strong. (Str +2) [potion of mutation]
 27273 | Lair:5   | Found a viscous altar of Jiyva.
 27273 | Lair:5   | Found a staircase to the Slime Pits.
 27697 | Lair:6   | Entered Level 6 of the Lair of Beasts
 28175 | Lair:6   | Learned a level 3 spell: Confuse
 28860 | Lair:6   | Reached XP level 15. HP: 110/110 MP: 13/25
 29443 | Lair:6   | Identified Sif Muna's Tome of Doomed Creation (Sif Muna gifted it to you on level 6 of the Lair of Beasts)
 29443 | Lair:6   | Received a gift from Sif Muna
 29449 | Lair:6   | Learned a level 3 spell: Spectral Weapon
 29453 | Lair:6   | Learned a level 3 spell: Regeneration
 30130 | Lair:6   | Reached skill level 1 in Necromancy
 30455 | Lair:6   | Got a faintly glowing great sword
 30592 | D:8      | Identified the +8 great sword "Sitush" {slice, +Inv MR+ Str+4 Dex+5} (You found it on level 6 of the Lair of Beasts)
 30822 | D:12     | Noticed a fire giant
 30823 | D:12     | Found a transporter.
 30823 | D:12     | Noticed motoroller71's ghost (journeyman GnFi)
 30824 | D:12     | Found a transporter.
 30899 | D:12     | Noticed Sonja
 30905 | D:12     | Killed Sonja
 30930 | D:12     | Noticed Harold
 30971 | D:12     | Killed Harold
 31044 | D:12     | Got an ebony long sword
 31045 | D:12     | Identified the +9 long sword "Jonni" {speed, Dex+2} (You found it on level 12 of the Dungeon)
 31498 | D:12     | Killed motoroller71's ghost
 31683 | D:12     | Killed a fire giant
 31686 | D:12     | Got a bloodstained great mace {flame}
 31732 | D:12     | Identified the +7 great mace of Qazlal's Delight {flame, rN+ MR- Stlth+} (You took it off a fire giant on level 12 of the Dungeon)
 32534 | D:13     | Identified Sif Muna's Catalogue of the Excruciating Glacier (Sif Muna gifted it to you on level 13 of the Dungeon)
 32534 | D:13     | Received a gift from Sif Muna
 32701 | D:14     | Noticed Agnes
 32727 | D:14     | Killed Agnes
 32984 | D:14     | Reached XP level 16. HP: 120/120 MP: 27/28
 33408 | D:14     | Reached skill level 10 in Stealth
 33433 | D:14     | Found a gate to the Vaults.
 33478 | D:15     | Entered Level 15 of the Dungeon
 33575 | D:15     | Reached skill level 5 in Charms
 33675 | D:15     | Noticed Azrael
 33726 | D:15     | Killed Azrael
 33953 | D:15     | Noticed Rupert
 33981 | D:15     | Killed Rupert
 33994 | D:15     | Found a staircase to the Depths.
 34040 | D:15     | Noticed Roxanne
 34101 | D:15     | Reached skill level 10 in Evocations
 34599 | D:15     | Reached skill level 1 in Shields
 34607 | D:15     | Learned a level 5 spell: Borgnjor's Vile Clutch
 34908 | Snake:1  | Entered Level 1 of the Snake Pit
 34999 | Lair:3   | Reached skill level 1 in Earth Magic
 35124 | Lair:3   | Reached skill level 2 in Earth Magic
 35328 | Snake:1  | Reached skill level 3 in Earth Magic
 35332 | Snake:1  | Reached skill level 5 in Necromancy
 35501 | Snake:1  | Received a gift from Sif Muna
 35622 | Snake:1  | Reached skill level 4 in Earth Magic
 36230 | Snake:1  | Reached skill level 5 in Earth Magic
 37241 | Snake:2  | Found Kowolene's General Store.
 37241 | Snake:2  | Found Niciluig's Antique Armour Boutique.
 37242 | Snake:2  | Found Luoph's General Store.
 37246 | Snake:2  | Found Otomm's Gadget Shop.
 37249 | Snake:2  | Bought a bloodstained ring mail for 225 gold pieces
 37284 | Snake:2  | Reached skill level 6 in Earth Magic
 37798 | Snake:2  | Got a warped plate armour
 37809 | Snake:2  | Reached skill level 7 in Earth Magic
 37964 | Snake:2  | Noticed a nagaraja
 38014 | Snake:2  | Killed a nagaraja
 38014 | Snake:2  | Identified Sif Muna's Guide on Enchantment (Sif Muna gifted it to you on level 2 of the Snake Pit)
 38014 | Snake:2  | Received a gift from Sif Muna
 38125 | Snake:3  | Reached XP level 17. HP: 104/125 MP: 15/30
 38293 | Snake:3  | Reached skill level 8 in Earth Magic
 38308 | Snake:3  | Found a frozen archway.
 38395 | IceCv    | Entered an ice cave
 38620 | IceCv    | Identified the +3 ring mail "Earthly Heaven" {+Inv rN+ Int-5} (You bought it in a shop on level 2 of the Snake Pit)
 38630 | IceCv    | Identified the +1 plate armour of Zuhimum {rElec Int+5 Dex-3} (You found it on level 2 of the Snake Pit)
 38907 | IceCv    | Got a heavily runed ring mail
 39077 | IceCv    | Noticed an Ice Fiend
 39429 | IceCv    | Identified the +3 ring mail of Undesirable Species {+Fly rF- Int+2 Dex+4} (You found it in an ice cave)
 39633 | IceCv    | Killed an Ice Fiend
 40302 | Snake:3  | Reached ****** piety under Sif Muna
 40302 | Snake:3  | Identified Sif Muna's Catalogue of Excruciating Flight (Sif Muna gifted it to you on level 3 of the Snake Pit)
 40302 | Snake:3  | Received a gift from Sif Muna
 40357 | Snake:3  | Reached skill level 9 in Earth Magic
 40464 | Snake:3  | Learned a level 2 spell: Sublimation of Blood
 40640 | Snake:3  | Got a jewelled long sword
 40641 | Snake:3  | Identified the +11 long sword of the Butterfly {flame, +Blink} (You found it on level 3 of the Snake Pit)
 40696 | Snake:3  | Reached skill level 10 in Spellcasting
 41022 | Snake:4  | Entered Level 4 of the Snake Pit
 41084 | Snake:4  | Reached skill level 10 in Earth Magic
 41204 | Snake:4  | Found Maturch's Gadget Shoppe.
 41204 | Snake:4  | Found Qawapran's Jewellery Boutique.
 41219 | Snake:4  | Found Edghag's Jewellery Boutique.
 41683 | Snake:4  | Reached skill level 10 in Necromancy
 41717 | Snake:4  | Reached skill level 5 in Shields
 42090 | Snake:4  | Reached XP level 18. HP: 112/132 MP: 25/32
 42248 | Snake:4  | Got a serpentine rune of Zot
 42358 | Snake:4  | Bought the ring of New Discoveries {rElec rF+ AC+1} for 336 gold pieces
 42682 | Swamp:1  | Entered Level 1 of the Swamp
 42862 | Lair:4   | Reached skill level 1 in Long Blades
 43460 | Swamp:1  | Noticed Josephine
 43483 | Swamp:1  | Killed Josephine
 43483 | Swamp:1  | Identified Sif Muna's Disquisition on Flamy Transformation (Sif Muna gifted it to you on level 1 of the Swamp)
 43483 | Swamp:1  | Received a gift from Sif Muna
 43702 | Swamp:2  | Found a runed door.
 43705 | Swamp:2  | Noticed Loysam's ghost (adept HOBe)
 43836 | Swamp:2  | Reached skill level 5 in Long Blades
 44249 | Swamp:2  | Reached skill level 10 in Shields
 45384 | Swamp:3  | Found a runed gate.
 45384 | Swamp:3  | Found a runed gate.
 45384 | Swamp:3  | Found a runed gate.
 45393 | Swamp:3  | Noticed Armakuni's ghost (adept HuWn)
 45821 | Swamp:4  | Entered Level 4 of the Swamp
 45821 | Swamp:4  | Noticed Kirke
 46305 | Swamp:4  | Reached XP level 19. HP: 122/138 MP: 22/33
 47013 | Swamp:4  | Reached skill level 15 in Shields
 47209 | Swamp:4  | Got a decaying rune of Zot
 48181 | D:15     | Killed Roxanne
 48181 | D:15     | Identified Sif Muna's Incunabulum of Supportive Darkness (Sif Muna gifted it to you on level 15 of the Dungeon)
 48181 | D:15     | Received a gift from Sif Muna
 48343 | Elf:1    | Entered Level 1 of the Elven Halls
 48409 | Elf:1    | Identified the Catalogue of Sinister Arts
 48641 | Elf:1    | Identified Balumaix's Almanac of Arcane Weapons and Earth
 49620 | Elf:2    | Found Epifuana's Jewellery Emporium.
 49630 | Elf:2    | Reached XP level 20. HP: 137/146 MP: 13/34
 49708 | Elf:2    | Found a huge runed gate.
 49708 | Elf:2    | Found a huge runed gate.
 49708 | Elf:2    | Found a huge runed gate.
 49708 | Elf:2    | Found a huge runed gate.
 49711 | Elf:2    | Found a huge runed gate.
 49816 | Elf:2    | Reached skill level 11 in Earth Magic
 50061 | Elf:2    | Identified Sif Muna's Compendium of the Excruciating Snowflakes (Sif Muna gifted it to you on level 2 of the Elven Halls)
 50061 | Elf:2    | Received a gift from Sif Muna
 50064 | Elf:2    | Reached skill level 10 in Fighting
 50362 | Elf:2    | Reached skill level 10 in Polearms
 50754 | Elf:3    | Entered Level 3 of the Elven Halls
 51418 | Elf:3    | Noticed a Hell Sentinel
 51484 | Elf:3    | Reached skill level 12 in Earth Magic
 51576 | Elf:3    | Identified Sif Muna's Handbook of Companions and Conjuration (Sif Muna gifted it to you on level 3 of the Elven Halls)
 51576 | Elf:3    | Received a gift from Sif Muna
 51876 | Elf:3    | Reached XP level 21. HP: 130/153 MP: 22/36
 52131 | Elf:3    | Got a clouded silver ring
 52171 | Elf:3    | Got a bloodstained mace {crush}
 52172 | Elf:3    | Identified the +12 mace "Wuffeani" {crush, rPois Dex+4} (You took it off a deep elf high priest on level 3 of the Elven Halls)
 52318 | Elf:3    | Got a pitted spear
 52326 | Elf:3    | Identified the +0 spear "Xofon" {freeze, Str+4 Int+4} (You found it on level 3 of the Elven Halls)
 52364 | Elf:3    | Identified Nuunt's Incunabulum of Unholy Venom
 52377 | Elf:3    | Identified the ring of Qiycauri {+Inv Slay+3} (You took it off a deep elf blademaster on level 3 of the Elven Halls)
 52756 | Vaults:1 | Entered Level 1 of the Vaults
 53563 | Vaults:1 | Got an ichor-stained halberd
 53564 | Vaults:1 | Identified the +4 halberd of Midwinter {freeze, rF+} (You found it on level 1 of the Vaults)
 53698 | Vaults:1 | Identified Sif Muna's Compendium of the Creative Birds (Sif Muna gifted it to you on level 1 of the Vaults)
 53698 | Vaults:1 | Received a gift from Sif Muna
 54451 | Vaults:1 | Found Avaocleq's Assorted Antiques.
 54541 | Vaults:1 | Identified Sif Muna's Collected Works on Enhancements (Sif Muna gifted it to you on level 1 of the Vaults)
 54541 | Vaults:1 | Received a gift from Sif Muna
 54547 | Vaults:1 | Learned a level 3 spell: Ozocubu's Armour
 54712 | Vaults:1 | Got a slimy arbalest
 54799 | Vaults:1 | Identified the +10 arbalest "Enakud" {flame, Fragile rF+ Int+4} (You found it on level 1 of the Vaults)
 54810 | Vaults:1 | Learned a level 5 spell: Aura of Abjuration
 54929 | Vaults:2 | Reached skill level 1 in Ice Magic
 55315 | Elf:3    | Got a steaming falchion
 55341 | Elf:3    | Identified the cursed +1 falchion "Fenlyesch" {venom, MR+ Str-4 Dex+9} (You found it on level 3 of the Elven Halls)
 55590 | D:14     | Learned a level 5 spell: Dispel Undead
 55596 | D:14     | Learned a level 5 spell: Fireball
 56148 | Swamp:2  | Killed Loysam's ghost
 56148 | Swamp:2  | Reached XP level 22. HP: 118/159 MP: 0/39
 56162 | Swamp:2  | Got a crystal spear {speed}
 56193 | Swamp:2  | Got an ancient plate armour
 56271 | Swamp:3  | Identified the +8 spear of Yjixkod {speed, *Rage rElec Stlth+} (You found it on level 2 of the Swamp)
 56283 | Swamp:3  | Identified the +8 plate armour of an ossuary {+Fly MR- Int+5} (You took it off a spriggan on level 2 of the Swamp)
 56358 | Swamp:4  | Killed Armakuni's ghost
 56439 | Swamp:3  | Got a pair of encrusted boots
 56474 | Swamp:3  | Killed Kirke
 56940 | D:14     | Identified the cursed +0 pair of boots of the City {Int+2} (You found it on level 3 of the Swamp)
 57625 | Vaults:2 | Identified Sif Muna's Catalogue of Unstable Attacks (Sif Muna gifted it to you on level 2 of the Vaults)
 57625 | Vaults:2 | Received a gift from Sif Muna
 57934 | Vaults:2 | Found a staircase to the Crypt.
 58117 | Vaults:2 | Noticed Xtahua
 58463 | Vaults:3 | Reached skill level 5 in Ice Magic
 58821 | Vaults:3 | Found a sparkling altar of Nemelex Xobeh.
 58847 | Vaults:3 | Identified Sif Muna's Compendium of the Gliding Glacier (Sif Muna gifted it to you on level 3 of the Vaults)
 58847 | Vaults:3 | Received a gift from Sif Muna
 58910 | Vaults:3 | Noticed Margery
 59191 | Vaults:3 | Noticed Mennas
 59376 | Vaults:3 | Reached skill level 15 in Necromancy
 59507 | Vaults:3 | Killed Margery
 59529 | Vaults:3 | Got an ancient ring mail
 59540 | Vaults:3 | Identified the cursed +1 ring mail of Hih Xeoh {rElec Slay+2} (You found it on level 3 of the Vaults)
 59708 | Vaults:3 | Reached XP level 23. HP: 162/165 MP: 27/41
 59768 | Vaults:3 | Got a jet-encrusted scale mail
 59779 | Vaults:3 | Identified the +1 scale mail of the Saviour {rPois rC+ MR-} (You found it on level 3 of the Vaults)
 60107 | Vaults:4 | Received a gift from Sif Muna
 60377 | Vaults:4 | Noticed Boris
 60382 | Vaults:4 | Killed Boris
 60509 | Vaults:4 | Reached skill level 15 in Spellcasting
 60791 | Vaults:4 | Identified Sif Muna's Tome of Augmentations and Attacks (Sif Muna gifted it to you on level 4 of the Vaults)
 60791 | Vaults:4 | Received a gift from Sif Muna
 61404 | Vaults:3 | Learned a level 8 spell: Necromutation
 61529 | Vaults:2 | Killed Xtahua
 61529 | Vaults:2 | Reached skill level 1 in Transmutations
 61746 | Depths:1 | Entered Level 1 of the Depths
 62271 | Depths:1 | Found a one-way gate to the infinite horrors of the Abyss.
 62489 | Depths:1 | Reached skill level 5 in Transmutations
 62657 | Depths:1 | Found a runed gate.
 62657 | Depths:1 | Found a runed gate.
 62657 | Depths:1 | Found a runed gate.
 62806 | Depths:1 | Found a one-way gate leading to the halls of Pandemonium.
 62869 | Depths:1 | Reached XP level 24. HP: 113/172 MP: 20/42
 62960 | Depths:1 | Noticed the Enchantress
 62965 | Depths:1 | Found a gateway to Hell.
 62971 | Depths:1 | Identified Dar Doar's Reference Book on Boosting Stones (Sif Muna gifted it to you on level 1 of the Depths)
 62971 | Depths:1 | Received a gift from Sif Muna
 62978 | Depths:1 | Killed the Enchantress
 63035 | Depths:1 | Got faerie dragon scales
 63055 | Depths:1 | Identified the +3 faerie dragon scales {rCorr Slay+3 SInv} (You took it off the Enchantress on level 1 of the Depths)
 63387 | Depths:2 | Reached skill level 10 in Transmutations
 63694 | Depths:2 | Identified Sif Muna's Collected Works on Excruciating Curses (Sif Muna gifted it to you on level 2 of the Depths)
 63694 | Depths:2 | Received a gift from Sif Muna
 64372 | Depths:2 | Identified Qepabow's Grimoire of Excruciating Slavery
 64375 | Depths:2 | Identified the Tome of Weightlessness
 64482 | Depths:2 | Received a gift from Sif Muna
 64735 | Depths:2 | Noticed a golden dragon
 64750 | Depths:2 | Killed a golden dragon
 64887 | Depths:2 | Reached XP level 25. HP: 162/177 MP: 30/42
 64977 | Depths:2 | Found a gateway to a ziggurat.
 65457 | Depths:2 | Reached skill level 15 in Transmutations
 65812 | Depths:3 | Found Gozag's Assorted Antiques.
 65819 | Depths:3 | Found an opulent altar of Gozag.
 66066 | Depths:3 | Received a gift from Sif Muna
 66138 | Depths:3 | Found Gozag's Assorted Antiques.
 66286 | Depths:3 | Found Gozag's Antique Armour Boutique.
 66289 | Depths:3 | Bought a scroll labeled QAHYAPN UCRANN for 100 gold pieces
 67131 | Depths:4 | Gained mutation: You occasionally shout uncontrollably at your foes. [a shining eye]
 67274 | Depths:4 | Received a gift from Sif Muna
 67729 | Depths:4 | Reached XP level 26. HP: 184/184 MP: 35/42
 67971 | Depths:5 | Entered Level 5 of the Depths
 68125 | Depths:5 | Identified Sif Muna's Volume of Companions and Heat (Sif Muna gifted it to you on level 5 of the Depths)
 68125 | Depths:5 | Received a gift from Sif Muna
 68334 | Depths:5 | Noticed a juggernaut
 68360 | Depths:5 | Killed a juggernaut
 69409 | Depths:5 | Received a gift from Sif Muna
 69424 | Depths:5 | Found a gate to the Realm of Zot.
 69946 | Depths:1 | Fell from the grace of Sif Muna
 69964 | Depths:1 | Lost mutation: You occasionally shout uncontrollably at your foes. [potion of mutation]
 69964 | Depths:1 | Lost mutation: Your muscles are strong. (Str +2) [potion of mutation]
 69964 | Depths:1 | Gained mutation: You are clumsy. (Dex -2) [potion of mutation]
 69964 | Depths:1 | Gained mutation: You are resistant to hostile enchantments. (MR+) [potion of mutation]
 69964 | Depths:1 | Gained mutation: You are highly resistant to hostile enchantments. (MR++) [potion of mutation]
 69964 | Depths:1 | Gained mutation: You are extremely resistant to the effects of hostile enchantments. (MR+++) [potion of mutation]
 69965 | Depths:1 | Lost mutation: You are extremely resistant to the effects of hostile enchantments. (MR+++) [potion of mutation]
 69965 | Depths:1 | Lost mutation: You are highly resistant to hostile enchantments. (MR++) [potion of mutation]
 69965 | Depths:1 | Gained mutation: Your magical capacity is low. (-10% MP) [potion of mutation]
 69965 | Depths:1 | Lost mutation: Your magical capacity is low. (-10% MP) [potion of mutation]
 69965 | Depths:1 | Gained mutation: You expend magic power (3 MP) to strengthen your wands. [potion of mutation]
 69966 | Depths:1 | Lost mutation: Your spells are a little harder to cast, but a little more powerful. [potion of mutation]
 69966 | Depths:1 | Lost mutation: You expend magic power (3 MP) to strengthen your wands. [potion of mutation]
 69966 | Depths:1 | Lost mutation: You are clumsy. (Dex -2) [potion of mutation]
 69966 | Depths:1 | Gained mutation: Armour fits poorly on your strangely shaped body. [potion of mutation]
 69966 | Depths:1 | Gained mutation: You have an increased reservoir of magic. (+10% MP) [potion of mutation]
 69966 | Depths:1 | Gained mutation: You are surrounded by a mild repulsion field. (EV +2) [potion of mutation]
 69967 | Depths:1 | Lost mutation: You are surrounded by a mild repulsion field. (EV +2) [potion of mutation]
 69967 | Depths:1 | Lost mutation: You are resistant to hostile enchantments. (MR+) [potion of mutation]
 69967 | Depths:1 | Gained mutation: You are partially covered in yellow scales. (AC +2) [potion of mutation]
 69967 | Depths:1 | Gained mutation: You possess an exceptional clarity of mind. [potion of mutation]
 70101 | Depths:3 | Became a worshipper of Gozag Ym Sagoz the Greedy
 70462 | Snake:4  | Bought an uncursed amulet of regeneration for 420 gold pieces
 71005 | Crypt:1  | Entered Level 1 of the Crypt
 71749 | Crypt:1  | Noticed Donald
 71765 | Crypt:1  | Killed Donald
 71850 | Crypt:1  | Noticed Mara
 71851 | Crypt:1  | Noticed DildoBatman's illusion
 72015 | Crypt:1  | Killed Mara
 73082 | Crypt:2  | Reached XP level 27. HP: 132/190 MP: 10/46
 73258 | Crypt:3  | Entered Level 3 of the Crypt
 73392 | Crypt:3  | Reached skill level 13 in Earth Magic
 73493 | Crypt:3  | Noticed Saint Roka
 73562 | Crypt:3  | Killed Saint Roka
 74034 | Crypt:3  | Noticed Jory
 74072 | Crypt:3  | Noticed Frederick
 74093 | Crypt:3  | Killed Frederick
 74111 | Crypt:3  | Killed Jory
 74259 | Crypt:3  | Got a bound marble ring
 74259 | Crypt:3  | Got a slimy wooden ring
 74259 | Crypt:3  | Got a sparkling iron ring
 74354 | Crypt:3  | Identified the ring "Qorioq" {rC+ rN+ Int+2} (You found it on level 3 of the Crypt)
 74356 | Crypt:3  | Identified the ring "Ymatoeda" {+Inv rN+} (You found it on level 3 of the Crypt)
 74358 | Crypt:3  | Identified the ring "Nifugg" {rPois rF+ rN+ MR- Stlth+} (You found it on level 3 of the Crypt)
 74382 | Crypt:3  | Learned a level 9 spell: Shatter
 74418 | Crypt:3  | Found a staircase to the Tomb.
 74534 | Crypt:3  | Found an ancient bone altar of Kikubaaqudgha.
 74769 | Crypt:3  | Noticed an ancient lich
 74773 | Crypt:3  | Killed an ancient lich
 74989 | Crypt:3  | Reached skill level 14 in Earth Magic
 75873 | Crypt:3  | Identified the Handbook of Confrontation
 76265 | Crypt:3  | Got a warped hand crossbow
 76267 | Crypt:3  | Identified the +6 hand crossbow of Urgency {elec, rC+ SInv} (You found it on level 3 of the Crypt)
 76354 | Tomb:1   | Entered Level 1 of the Tomb of the Ancients
 76382 | Tomb:1   | Got a dazzling scale mail
 76403 | Tomb:1   | Identified the +0 scale mail of Zudgh {rF+ rN+} (You found it on level 1 of the Tomb of the Ancients)
 77016 | Tomb:1   | Noticed a greater mummy
 77026 | Tomb:1   | Noticed a greater mummy
 77068 | Tomb:1   | Killed a greater mummy
 77068 | Tomb:1   | Reached skill level 15 in Earth Magic
 77171 | Tomb:1   | Killed a greater mummy
 77353 | Tomb:1   | Noticed a greater mummy
 77379 | Tomb:1   | Killed a greater mummy
 77379 | Tomb:1   | Reached skill level 16 in Earth Magic
 78580 | Hell     | Entered the Vestibule of Hell
 78580 | Hell     | Noticed Geryon
 78605 | Hell     | Killed Geryon
 78845 | Hell     | Found a gateway to the Iron City of Dis.
 78923 | Hell     | Reached skill level 17 in Earth Magic
 79035 | Hell     | Found a gateway to the freezing wastes of Cocytus.
 79314 | Hell     | Found a gateway to the decaying netherworld of Tartarus.
 79495 | Hell     | Found a gateway to the ashen valley of Gehenna.
 79736 | Coc:1    | Entered Level 1 of Cocytus
 79807 | Coc:1    | Noticed a shard shrike
 79823 | Hell     | Killed a shard shrike
 79823 | Hell     | Reached skill level 18 in Earth Magic
 80213 | Coc:1    | Noticed a shard shrike
 80254 | Coc:1    | Killed a shard shrike
 80552 | Coc:1    | Reached skill level 19 in Earth Magic
 81119 | Coc:1    | Noticed a shard shrike
 81141 | Coc:1    | Killed a shard shrike
 81580 | Coc:1    | Reached skill level 20 in Earth Magic
 81622 | Coc:1    | Noticed a shard shrike
 81736 | Coc:1    | Killed a shard shrike
 81766 | Coc:1    | Noticed a shard shrike
 81771 | Coc:1    | Killed a shard shrike
 81841 | Coc:1    | Noticed a shard shrike
 81846 | Coc:1    | Was forgiven by Sif Muna
 81849 | Coc:1    | Killed a shard shrike
 81938 | Coc:1    | Lost dexterity.
 82739 | Coc:1    | Reached skill level 21 in Earth Magic
 83015 | Coc:1    | Noticed a shard shrike
 83024 | Coc:1    | Killed a shard shrike
 83437 | Coc:1    | Noticed a shard shrike
 83448 | Coc:1    | Killed a shard shrike
 83495 | Coc:1    | Noticed a shard shrike
 83505 | Coc:1    | Killed a shard shrike
 84196 | Depths:1 | Bought a runed large shield for 202 gold pieces
 84438 | Coc:2    | Reached skill level 22 in Earth Magic
 84840 | Coc:2    | Noticed a shard shrike
 84850 | Coc:2    | Killed a shard shrike
 85107 | Coc:2    | Reached skill level 23 in Earth Magic
 85267 | Coc:2    | Noticed a shard shrike
 85275 | Coc:2    | Killed a shard shrike
 86063 | Coc:2    | Reached skill level 24 in Earth Magic
 86147 | Coc:2    | Noticed a shard shrike
 86151 | Coc:2    | Killed a shard shrike
 87312 | Tomb:1   | Noticed a greater mummy
 87313 | Tomb:1   | Noticed a greater mummy
 87315 | Tomb:1   | Killed a greater mummy
 87318 | Tomb:1   | Killed a greater mummy
 87331 | Tomb:1   | Noticed a greater mummy
 87344 | Tomb:1   | Noticed a greater mummy
 87347 | Tomb:1   | Killed a greater mummy
 87371 | Tomb:1   | Killed a greater mummy
 87381 | Tomb:1   | Noticed a greater mummy
 87387 | Tomb:1   | Noticed a greater mummy
 87390 | Tomb:1   | Killed a greater mummy
 87433 | Tomb:1   | Noticed a greater mummy
 87463 | Tomb:1   | Killed a greater mummy
 87476 | Tomb:1   | Killed a greater mummy
 87521 | Tomb:1   | Noticed a greater mummy
 87531 | Tomb:1   | Killed a greater mummy
 87531 | Tomb:1   | Reached skill level 10 in Armour
 87588 | Tomb:1   | Noticed a greater mummy
 87596 | Tomb:1   | Killed a greater mummy
 87600 | Tomb:1   | Noticed a greater mummy
 87605 | Tomb:1   | Noticed a greater mummy
 87644 | Tomb:1   | Killed a greater mummy
 87646 | Tomb:1   | Killed a greater mummy
 87666 | Tomb:1   | Noticed a greater mummy
 87712 | Tomb:1   | Killed a greater mummy
 87735 | Tomb:1   | Noticed a greater mummy
 87741 | Tomb:1   | Noticed a greater mummy
 87749 | Tomb:1   | Noticed a greater mummy
 87750 | Tomb:1   | Killed a greater mummy
 87762 | Tomb:1   | Killed a greater mummy
 87769 | Tomb:1   | Killed a greater mummy
 87994 | Tomb:1   | Noticed a greater mummy
 88006 | Tomb:1   | Killed a greater mummy
 88134 | Tomb:1   | Identified Sakhalew's Disquisition on Feathery Poisoning
 88139 | Tomb:1   | Noticed a greater mummy
 88153 | Tomb:1   | Killed a greater mummy
 88499 | Tomb:2   | Noticed a greater mummy
 88509 | Tomb:2   | Noticed a greater mummy
 88513 | Tomb:2   | Noticed a greater mummy
 88517 | Tomb:2   | Killed a greater mummy
 88520 | Tomb:2   | Killed a greater mummy
 88523 | Tomb:2   | Noticed a greater mummy
 88525 | Tomb:2   | Noticed an ancient lich
 88548 | Tomb:2   | HP: 5/197 [ancient lich/crystal spear (107)]
 88548 | Tomb:2   | Slain by an emperor scorpion

Skill      XL: |  1  2  3  4  5  6  7  8  9 10 11 12 13 14 15 16 17 18 19 20 21 22 23 24 25 26 27 |
---------------+----------------------------------------------------------------------------------+-----
Conjurations   | 1 2 3 4 5 6 |  6.0
Hexes          | 1 2 3 4 5 10 12 13 | 13.0
Fighting       | 1 2 3 4 5 6 7 8 9 10 12 | 12.1
Armour         | 1 2 3 4 5 6 7 8 9 10 | 10.0
Dodging        | 2 3 4 5 7 8 |  8.0
Poison Magic   | 1 2 3 5 6 8 9 |  9.0
Polearms       | 1 3 5 6 7 8 9 10 11 | 11.0
Stealth        | 3 5 7 8 9 10 12 | 12.0
Air Magic      | 1 2 3 4 5 |  5.0
Maces & Flails | 1 2 3 5 |  5.0
Spellcasting   | 4 5 6 7 8 9 10 11 13 14 15 17 | 17.0
Charms         | 3 4 6 |  6.0
Bows           | 3 |  3.0
Evocations     | 1 3 8 9 10 | 10.4
Summonings     | 2 6 8 |  8.0
Necromancy     | 3 7 10 12 13 15 17 19 20 | 20.1
Shields        | 2 7 13 15 16 | 16.1
Earth Magic    | 7 10 12 24 | 24.1
Long Blades    | 5 |  5.1
Ice Magic      | 1 6 |  6.0
Transmutations | 7 14 18 19 20 | 20.0
Translocations | |  0.8

Action                   |  1- 3 |  4- 6 |  7- 9 | 10-12 | 13-15 | 16-18 | 19-21 | 22-24 | 25-27 || total
-------------------------+-------+-------+-------+-------+-------+-------+-------+-------+-------++-------
Melee: Spear             |    18 |    58 |       |       |       |       |       |       |       ||    76
       Great mace        |       |    11 |   115 |   130 |       |       |       |       |       ||   256
       Trident           |       |       |   198 |   706 |  1835 |  1112 |   637 |   737 |  1827 ||  7052
       Long sword        |       |       |       |       |       |     4 |       |       |       ||     4
       Staff             |       |       |       |       |       |       |       |     2 |    36 ||    38
 Fire: Shortbow          |       |       |       |       |    14 |       |    74 |       |       ||    88
Throw: Stone             |       |       |       |       |       |     7 |       |       |       ||     7
 Cast: Magic Dart        |    74 |    63 |    65 |   115 |   195 |     5 |       |       |       ||   517
       Mephitic Cloud    |       |    15 |    18 |   140 |   211 |    17 |    12 |    18 |    13 ||   444
       Slow              |       |       |    35 |    64 |   134 |    39 |    18 |       |       ||   290
       Swiftness         |       |       |       |       |     1 |       |       |       |       ||     1
       Confuse           |       |       |       |       |    57 |   200 |    38 |    20 |    22 ||   337
       Invisibility      |       |       |       |       |     3 |       |       |       |       ||     3
       Spectral Weapon   |       |       |       |       |    48 |   161 |    47 |    81 |    68 ||   405
       Regeneration      |       |       |       |       |    11 |    87 |    81 |    82 |    52 ||   313
       Summon Mana Viper |       |       |       |       |     5 |    16 |     1 |     2 |     4 ||    28
       Borgnjor's Vile C |       |       |       |       |       |   121 |   274 |   317 |   656 ||  1368
       Sublimation of Bl |       |       |       |       |       |    46 |    73 |    42 |     5 ||   166
       Dispel Undead     |       |       |       |       |       |       |     4 |    51 |   328 ||   383
       Fireball          |       |       |       |       |       |       |       |     8 |       ||     8
       Necromutation     |       |       |       |       |       |       |       |       |   216 ||   216
       Shatter           |       |       |       |       |       |       |       |       |    18 ||    18
       Aura of Abjuratio |       |       |       |       |       |       |       |       |    16 ||    16
Invok: Divine Energy     |       |       |     1 |       |       |       |       |       |       ||     1
       Forget Spell      |       |       |       |       |       |       |       |       |     1 ||     1
       Renounce Religion |       |       |       |       |       |       |       |       |     1 ||     1
       Potion Petition   |       |       |       |       |       |       |       |       |    15 ||    15
       Call Merchant     |       |       |       |       |       |       |       |       |     5 ||     5
 Abil: Dig               |     4 |     3 |    17 |    41 |    80 |    45 |    22 |     6 |    65 ||   283
       Evoke Fog         |       |       |       |       |       |       |     1 |       |     3 ||     4
Evoke: Wand              |       |       |       |     2 |    50 |       |     1 |       |       ||    53
       Phial of floods   |       |       |       |       |       |       |     1 |     1 |       ||     2
       Staff of energy   |       |       |       |       |       |       |       |   398 |  1376 ||  1774
       Lamp of fire      |       |       |       |       |       |       |       |     1 |       ||     1
       Crystal ball of e |       |       |       |       |       |       |       |       |     1 ||     1
  Use: Scroll            |       |       |     1 |     7 |    10 |     8 |    11 |     3 |    16 ||    56
       Potion            |       |       |       |       |     2 |       |     1 |     2 |     7 ||    12
 Stab: Confused          |       |     8 |     4 |    74 |   184 |   106 |    23 |    17 |    14 ||   430
       Sleeping          |       |       |     2 |     6 |     5 |    11 |     5 |    13 |     7 ||    49
       Distracted        |       |       |     2 |       |     6 |     2 |     4 |    13 |    20 ||    47
       Paralysed         |       |       |       |       |    28 |       |       |       |       ||    28
       Invisible         |       |       |       |       |     9 |       |       |       |       ||     9
  Eat: Chunk             |     1 |     8 |    14 |    39 |    53 |    36 |    39 |    54 |    36 ||   280
       Ration            |       |       |     2 |       |     3 |    10 |     2 |     1 |     1 ||    19
Armor: Robe              |     2 |       |       |       |     3 |       |       |       |       ||     5
       Leather armour    |       |    19 |   102 |   104 |     8 |       |       |       |       ||   233
       Ring mail         |       |       |       |       |   235 |   183 |    87 |       |       ||   505
       Troll leather arm |       |       |       |       |       |       |    14 |   127 |   781 ||   922
Dodge: Dodged            |    28 |    32 |   231 |   248 |   449 |   299 |   137 |   191 |   800 ||  2415
Block: Buckler           |       |       |       |       |       |    28 |       |       |       ||    28
       Shield            |       |       |       |       |       |   139 |    64 |       |       ||   203
       Large shield      |       |       |       |       |       |       |   337 |   520 |  2287 ||  3144
